 Dungeon Crawl Stone Soup version 0.23-a0-61-g4bf3f6c (webtiles) character file.

2834 Amnesiac the Destroyer (level 9, 0/57 HPs)
             Began as a Mummy Conjurer on Aug 9, 2018.
             Was a Believer of Dithmenos.
             Slain by a hornet (11 damage)
             ... on level 8 of the Dungeon.
             The game lasted 00:12:54 (7896 turns).

Amnesiac the Destroyer (Mummy Conjurer)             Turns: 7896, Time: 00:12:55

Health: 0/57       AC: 10    Str: 12    XL:     9   Next: 45%
Magic:  3/22       EV: 10    Int: 17    God:    Dithmenos [**....]
Gold:   384        SH:  0    Dex: 12    Spells: 9/27 levels left

rFire    x . .     SeeInvis .   a - +0 hunting sling
rCold    + . .     Gourm    .   (no shield)
rNeg     + + +     Faith    .   i - +0 ring mail
rPois    ∞         Spirit   .   k - +0 helmet
rElec    .         Reflect  .   y - scarf {repulsion}
rCorr    .         Harm     .   d - +0 pair of gloves
MR       +....                  c - +2 pair of boots
Stlth    +.........             (no amulet)
HPRegen  0.19/turn              B - ring of flight
MPRegen  0.18/turn              (no ring)

@: wreathed by umbra, repel missiles
A: no food or potions, fire vulnerability, cold resistance 1, negative energy
resistance 3, torment resistance, unbreathing
a: Shadow Step, Renounce Religion, Evoke Flight


You were on level 8 of the Dungeon.
You worshipped Dithmenos.
Dithmenos was pleased with you.
You were not hungry.

You visited 2 branches of the dungeon, and saw 9 of its levels.

You collected 384 gold pieces.

Inventory:

Hand Weapons
 a - a +0 hunting sling (weapon)
 b - a +4 dagger of protection
 q - a +2 halberd of freezing
 v - a +3 quarterstaff of chaos
 w - a +1 flail of draining
 A - a +2 battleaxe of flaming
Missiles
 n - 176 stones
 o - 13 sling bullets (quivered)
Armour
 c - a +2 pair of boots (worn)
 d - a +0 pair of gloves (worn)
 i - a +0 ring mail (worn)
 k - a +0 helmet (worn)
 u - a +0 cloak
 y - a scarf of repulsion (worn)
Jewellery
 B - a ring of flight (left hand)
Wands
 e - a wand of iceblast (10)
 j - a wand of random effects (49)
 r - a wand of paralysis (14)
 t - a wand of clouds (4)
 x - a wand of digging (11)
Scrolls
 f - 2 scrolls of enchant armour {!r}
 g - 4 scrolls of teleportation {!r}
 h - a scroll of blinking {!r}
 l - a scroll of fear {!r}
 m - 3 scrolls of remove curse {!r}
 p - 2 scrolls of enchant weapon {!r}
 s - a scroll of magic mapping {!r}
 z - 2 scrolls of silence {!r}


   Skills:
 - Level 1.5 Dodging
 - Level 1.5 Stealth
 + Level 9.5 Spellcasting
 * Level 9.6 Conjurations


You had 9 spell levels left.
You knew the following spells:

 Your Spells              Type           Power        Failure   Level  Hunger
a - Iskenderun's Mystic   Conj           #####...     4%          4    N/A
b - Force Lance           Conj/Tloc      ###.....     28%         4    N/A
c - Magic Dart            Conj           ####         1%          1    N/A
d - Searing Ray           Conj           #####.       1%          2    N/A
e - Dazzling Spray        Conj/Hex       ###...       9%          3    N/A
f - Fulminant Prism       Conj/Hex       ###.......   28%         4    N/A

Your spell library contained the following spells:

 Spells                   Type           Power        Failure   Level  Hunger
 Apportation              Tloc           #.....       21%         1    N/A
 Summon Small Mammal      Summ           #...         21%         1    N/A
 Animate Skeleton         Necr           N/A          21%         1    N/A
 Confusing Touch          Hex            #.....       21%         1    N/A

Dungeon Overview and Level Annotations

Branches:
Dungeon (8/15)             Temple (1/1) D:5
   Lair: D:8-11

Altars:
Ashenzari
Cheibriados
Dithmenos
Elyvilon
Fedhas
Gozag
Hepliaklqana
Kikubaaqudgha
Makhleb
Nemelex Xobeh
Okawaru
Ru
Sif Muna
Uskayaw
Vehumet
Wu Jian
Yredelemnul
Zin
The Shining One


Innate Abilities, Weirdness & Mutations

You do not eat or drink.
Your flesh is vulnerable to fire.
You are immune to poison.
Your flesh is cold resistant. (rC+)
You are immune to negative energy. (rN+++)
You are immune to unholy pain and torment.
You can survive without breathing.


Message History

Aiming: Iskenderun's Mystic Blast (safe; 4% risk of failure)
Press: ? - help, Shift-Dir - straight line, f - hornet
Aim: a hornet (moderately wounded, umbra)
The orb of energy hits the hornet.
The hornet is almost dead.
The orb of energy explodes!
The hornet barely misses you.
Casting: Iskenderun's Mystic Blast (safe; 4% risk of failure)
Confirm with . or Enter, or press ? or * to list all spells.
Aiming: Iskenderun's Mystic Blast (safe; 4% risk of failure)
Press: ? - help, Shift-Dir - straight line, f/p - hornet
Aim: a hornet (almost dead, umbra)
The orb of energy hits the hornet.
You kill the hornet!
Dithmenos accepts your kill.
The orb of energy explodes!
Unknown command.
You see here a hornet corpse.
Things that are here:
a giant spiked club; an ogre corpse A worker ant and a hornet come into view.
The hornet buzzes angrily.
The hornet stings you!
There are monsters nearby!
There are monsters nearby!
The hornet closely misses you.
Casting: Iskenderun's Mystic Blast (safe; 4% risk of failure)
Confirm with . or Enter, or press ? or * to list all spells.
Aiming: Searing Ray (safe; 1% risk of failure)
Press: ? - help, Shift-Dir - straight line, f - hornet
Aim: a hornet (umbra)
The searing ray hits the hornet. (Press . to maintain the ray.)
The hornet stings you! The hornet stings you.
* * * LOW HITPOINT WARNING * * *
The searing ray hits the hornet.
The hornet is lightly wounded.
The hornet stings you.
* * * LOW HITPOINT WARNING * * *
The searing ray misses the hornet.
The hornet stings you.
* * * LOW HITPOINT WARNING * * *
A soldier ant comes into view.
The hornet barely misses you.
The searing ray hits the hornet.
The hornet is heavily wounded.
You finish channeling your searing ray.
The hornet stings you!
* * * LOW HITPOINT WARNING * * *
Casting: Searing Ray (safe; 1% risk of failure)
Confirm with . or Enter, or press ? or * to list all spells.
You don't have enough magic to cast that spell.
Unknown command.
Evoke which item? (* to show all) (? for menu, Esc to quit)
Aiming: Cloud Cone
Press: ? - help, Dir - move target cursor, f/p - hornet
Aim: a hornet (heavily wounded, umbra)
You create a blast of poison gas!
The hornet is engulfed in poison gas.
The hornet is poisoned.
The hornet stings you.
* * * LOW HITPOINT WARNING * * *
The worker ant is engulfed in poison gas.
The worker ant is poisoned.
A soldier ant comes into view.
The soldier ant is engulfed in poison gas.
The soldier ant is poisoned.
The hornet is engulfed in poison gas.
The hornet looks even sicker.
The hornet stings you!
You die...

### #### #.#### #.#a##....#
#.#y@..#.# #§##.##.#
#a#.#.##.# . ##########.#
.# ##...## #.### .####
##..>..## #.#.## ....#
##.......## #....##
....####.........###.....##
......>'.........+........#


You could see 2 soldier ants and a hornet.

Vanquished Creatures
  A hornet (D:8)
  Menkaure (D:5)
  Duvessa (D:5)
  An orc warrior (D:6)
  An ice beast (Temple)
  A black bear (D:7)
  An ogre (D:8)
  2 centaurs
  Blork the orc (D:5)
  2 bullfrogs
  2 scorpions
  Dowan (D:5)
  5 wights (D:7)
  12 killer bees
  A crimson imp (D:5)
  A jelly (D:5)
  A quasit (D:6)
  3 orc priests (D:4)
  3 hounds
  A bullfrog skeleton (D:2)
  A centaur skeleton (D:5)
  Crazy Yiuf (D:5)
  Jessica (D:3)
  7 worker ants
  Robin (D:3)
  3 gnolls (D:2)
  A howler monkey skeleton (D:6)
  10 adders
  A shadow imp (D:6)
  2 adder skeletons
  2 worms
  2 dart slugs (D:1)
  3 leopard geckos
  8 orcs
  A ball python (D:2)
  3 giant cockroaches
  19 goblins
  6 hobgoblins
  7 jackals
  6 kobolds
  3 quokkas
  8 bats
  5 frilled lizards
  A quokka skeleton (D:6)
  A quokka zombie (D:7)
  5 rats
150 creatures vanquished.

Vanquished Creatures (others)
  5 toadstools (D:1)
5 creatures vanquished.

Grand Total: 155 creatures vanquished

Notes
Turn   | Place    | Note
-------+----------+-------------------------------------------
     0 | D:1      | Amnesiac the Mummy Conjurer began the quest for the Orb.
     0 | D:1      | Reached XP level 1. HP: 13/13 MP: 4/4
   182 | D:2      | You fall through a shaft!
   196 | D:5      | Entered Level 5 of the Dungeon
   196 | D:5      | Noticed a worker ant
   236 | D:4      | Noticed a worker ant
   256 | D:4      | Reached XP level 2. HP: 16/19 MP: 0/6
   260 | D:4      | Learned a level 2 spell: Searing Ray
   364 | D:4      | Reached XP level 3. HP: 24/24 MP: 1/8
   369 | D:4      | Learned a level 3 spell: Dazzling Spray
   406 | D:4      | Reached XP level 4. HP: 26/30 MP: 1/10
   442 | D:4      | Learned a level 4 spell: Iskenderun's Mystic Blast
   800 | D:3      | Noticed Jessica
   808 | D:4      | Learned a level 1 spell: Magic Dart
   866 | D:3      | Killed Jessica
   941 | D:4      | Reached XP level 5. HP: 35/35 MP: 5/11
  1479 | D:4      | Reached skill level 5 in Conjurations
  1502 | D:4      | Reached skill level 5 in Spellcasting
  1601 | D:4      | Reached XP level 6. HP: 31/41 MP: 5/13
  2089 | D:5      | Found a staircase to the Ecumenical Temple.
  2098 | D:5      | Noticed an ice beast
  2141 | Temple   | Entered the Ecumenical Temple
  2227 | Temple   | Became a worshipper of Dithmenos the Shadowed
  2235 | Temple   | Killed an ice beast
  2553 | D:2      | Found an ornate altar of the Wu Jian Council.
  2636 | D:2      | Reached XP level 7. HP: 41/46 MP: 7/15
  3475 | D:2      | Found a glowing silver altar of Zin.
  3477 | D:2      | Found a basalt altar of Yredelemnul.
  3573 | D:3      | Found a faded altar of an unknown god.
  3650 | D:3      | Reached * piety under Dithmenos
  3786 | D:3      | Noticed Robin
  3816 | D:3      | Killed Robin
  4588 | D:5      | Found a runed door.
  4652 | D:5      | Noticed Blork the orc
  4670 | D:5      | Killed Blork the orc
  4681 | D:5      | Found an opulent altar of Gozag.
  4733 | D:5      | Noticed Duvessa
  4733 | D:5      | Noticed Dowan
  4733 | D:5      | Noticed Menkaure
  4746 | D:5      | Killed Dowan
  4749 | D:5      | Killed Menkaure
  5145 | D:5      | Reached XP level 8. HP: 41/52 MP: 4/18
  5167 | D:5      | Learned a level 4 spell: Force Lance
  5172 | D:5      | Learned a level 4 spell: Fulminant Prism
  5272 | D:5      | Found a glowing silver altar of Zin.
  5418 | D:5      | Killed Duvessa
  5626 | D:5      | Noticed Crazy Yiuf
  5630 | D:5      | Killed Crazy Yiuf
  6705 | D:7      | Reached ** piety under Dithmenos
  6813 | D:7      | Reached XP level 9. HP: 38/57 MP: 10/21
  7251 | D:7      | Found a sacrificial altar of Ru.
  7584 | D:7      | Found an ancient bone altar of Kikubaaqudgha.
  7896 | D:8      | Slain by a hornet

Vault maps used:
D:1:      ldierk_walled_garden
D:2:      minitemple, marbit_many_paths, first_ration
D:3:      kennysheep_goblin_castle, chequers_ecumenical_altar_simple_redux,
          minmay_distorted, uniq_robin, uniq_jessica
D:5:      minmay_temple_entry_statues_fountains, hangedman_decor_growths,
          hangedman_feature_mirror, uniq_blork_the_orc, uniq_menkaure,
          uniq_duvessa, uniq_crazy_yiuf_cottage
D:7:      hangedman_ru_absence, nicolae_overflow_hidden_temple
D:8:      xom_shifter_show, hangedman_pestilent_swarm
Temple:   dpeg_chambers_temple

Skill      XL: |  1  2  3  4  5  6  7  8  9 |
---------------+----------------------------+-----
Spellcasting   | 3 4 5 7 8 9 |  9.5
Conjurations   | 4 5 6 7 8 9 |  9.6
Dodging        | |  1.5
Stealth        | |  1.5

Action                   |  1- 3 |  4- 6 |  7- 9 || total
-------------------------+-------+-------+-------++-------
Melee: Unarmed           |     3 |     3 |       ||     6
       Dagger            |       |     8 |    30 ||    38
       Flail             |       |       |    36 ||    36
 Cast: Magic Dart        |    18 |    46 |    97 ||   161
       Searing Ray       |     2 |    23 |    50 ||    75
       Dazzling Spray    |       |     3 |     4 ||     7
       Iskenderun's Myst |       |       |     4 ||     4
Evoke: Wand              |       |       |     2 ||     2
  Use: Scroll            |       |     2 |    11 ||    13
Armor: Leather armour    |     3 |    28 |       ||    31
       Ring mail         |       |     1 |    85 ||    86
Dodge: Dodged            |    10 |    37 |   127 ||   174
       Deflected         |       |       |     3 ||     3

Table legend:
 A = Non-vault XP
 B = Vault XP
 C = Vault XP percentage of total XP
 D = Non-vault monster count
 E = Vault monster count
 F = Vault count percentage of total count
 G = Total turns spent on level
                 A         B        C        D         E       F
            +---------+---------+-------+---------+---------+-------
      Total |    3322 |     727 |  18.0 |     118 |      32 |  21.3
            +---------+---------+-------+---------+---------+-------
        D:1 |      33 |       0 |   0.0 |      18 |       0 |   0.0
        D:2 |     145 |       5 |   3.3 |      19 |       1 |   5.0
        D:3 |      66 |     122 |  64.9 |      10 |      24 |  70.6
        D:4 |     405 |       0 |   0.0 |      19 |       0 |   0.0
        D:5 |     195 |     600 |  75.5 |      11 |       7 |  38.9
        D:6 |     448 |       0 |   0.0 |      14 |       0 |   0.0
        D:7 |    1089 |       0 |   0.0 |      17 |       0 |   0.0
        D:8 |     809 |       0 |   0.0 |       9 |       0 |   0.0
     Temple |     132 |       0 |   0.0 |       1 |       0 |   0.0
            +---------+---------+-------+---------+---------+-------
